 Dungeon Crawl Stone Soup version 0.30-a0-168-g0b976cbdc4 (webtiles) character file.

Game seed: 6583345035868188497

4 gzilladon the Grave Robber (level 1, 0/13 HPs)
             Began as a Mummy Necromancer on Sept 29, 2022.
             Slain by a jackal (1 damage)
             ... on level 1 of the Dungeon.
             The game lasted 00:01:57 (601 turns).

gzilladon the Grave Robber (Mummy Necromancer)       Turns: 601, Time: 00:01:57

Health: 0/13       AC:  2    Str: 11    XL:     1   Next: 50%
Magic:  4/4        EV: 12    Int: 14    God:
Gold:   31         SH:  0    Dex: 12    Spells: 4/5 levels left

rFire   x . .      SeeInvis .    d - +0 dagger
rCold   + . .      Faith    +    (no shield)
rNeg    + + +      Spirit   .    a - +0 robe
rPois   ∞          Reflect  .    (no helmet)
rElec   .          Harm     .    (no cloak)
rCorr   .          Rampage  .    (no gloves)
Will    .....                    (no boots)
Stlth   ++........               (no amulet)
HPRegen 0.04/turn                (no ring)
MPRegen 0.09/turn                (no ring)

@: no status effects
A: cold resistance 1, negative energy resistance 3, torment resistance 2, heat
vulnerability 1, no potions, faith
a: no special abilities


You were on level 1 of the Dungeon.
You visited 1 branch of the dungeon, and saw 1 of its levels.

You collected 31 gold pieces.

Inventory:

Hand Weapons
 d - a +0 dagger (weapon)
Missiles
 c - 3 stones
Armour
 a - a +0 robe (worn)
Jewellery
 e - an amulet of faith
Scrolls
 b - a scroll of teleportation {unknown}


   Skills:
 + Level 1.5 Dodging
 + Level 1.5 Stealth
 * Level 2.6 Spellcasting
 * Level 4.2 Necromancy


You had 4 spell levels left.
You knew the following spells:

 Your Spells              Type           Power      Damage    Failure   Level
a - Necrotise             Necr           52%        1d6       4%          1

Your spell library contained the following spells:

 Spells                   Type           Power      Damage    Failure   Level
 Vampiric Draining        Necr           13%        2d6       12%         3
 Animate Dead             Necr           13%        N/A       36%         4
 Agony                    Necr           13%        N/A       73%         5


Dungeon Overview and Level Annotations

Branches:
Dungeon (1/15)

Altars:


Innate Abilities, Weirdness & Mutations

You are immune to poison.
Your flesh is cold resistant. (rC+)
You are immune to negative energy. (rN+++)
You are immune to unholy pain and torment.
You are vulnerable to heat. (rF-)
You do not drink.
You have a special connection with the divine. (Faith)


Message History

HP restored.
Things that are here:
a +0 dagger; a goblin skeleton
d - a +0 dagger You drop a glowing cyan potion.
d - a +0 dagger (weapon)
A jackal comes into view.
The jackal moves out of view.
You see here 3 stones.
c - 3 stones A jackal comes into view.
You see here an amulet of faith.
You now have 18 gold pieces.
You now have 31 gold pieces (gained 13).
You see here an amulet of faith.
e - an amulet of faith A hobgoblin comes into view.
The jackal barks!
The hobgoblin shouts!
Found 7 stones.
The jackal attacks as you move away! The jackal bites you.
You barely miss the jackal.
The jackal barks!
The jackal misses you. The jackal closely misses you.
You hit the jackal but do no damage.
A kobold comes into view. It is wielding a +0 dagger.
The jackal closely misses you.
You closely miss the jackal.
The jackal bites you but does no damage.
The jackal closely misses you. The hobgoblin hits you.
A hobgoblin comes into view.
The hobgoblin shouts!
The kobold shouts!
You hit the jackal but do no damage. The jackal closely misses you.
The jackal bites you. The hobgoblin hits you.
* * * LOW HITPOINT WARNING * * *
The jackal completely misses you. The jackal bites you.
* * * LOW HITPOINT WARNING * * *
You hit the jackal.
The jackal is heavily wounded.
The jackal bites you.
You die...

########
################......#
........#.............#
........g.............#
........h@.........######
....K...h.....####.#....#
...g....##.#######.#....##
.................!......'.
(.#..###########.#.#....#.
....# #.#...####. ...#
#.....# #. ..# ####
####### ## #######..######


You could see 2 jackals, 2 hobgoblins and a kobold.

Vanquished Creatures
  A bat (D:1)
  A goblin (D:1)
  A hobgoblin (D:1)
3 creatures vanquished.

Notes
Turn   | Place    | Note
-------+----------+-------------------------------------------
     0 | D:1      | gzilladon the Mummy Necromancer began the quest for the
                  | Orb.
     0 | D:1      | Reached XP level 1. HP: 13/13 MP: 4/4
   601 | D:1      | Slain by a jackal

Illustrated notes

Levels and vault maps discovered:
D:1:      dpeg_cavernosity, layout_basic, shapermc_ecumenical_altar_acropolis

Action                   || total
-------------------------++-------
Melee: Unarmed           ||    18
       Dagger            ||     5
Armor: Robe              ||    10
Dodge: Dodged            ||    24

Table legend: (Time is in decaauts)
 A = Elapsed time spent in this place.
 B = Non-inter-level travel time spent in this place.
 C = Inter-level travel time spent in this place.
 D = Time resting spent in this place.
 E = Time spent auto-exploring this place.
 F = Levels seen in this place.
 G = Mean time per level.
                   A        B        C        D        E       F      G
               +--------+--------+--------+--------+--------+-----+--------+
         Total |    600 |    558 |     42 |    285 |      0 |   1 |  600.0 |
       Dungeon |    600 |    558 |     42 |    285 |      0 |   1 |  600.0 |
               +--------+--------+--------+--------+--------+-----+--------+

Top non-repeatable levels by time:
     D:1: 600 daAuts
